AoeStats
← KickAssKenny

Socotra

506791860Analyzed
2v2 RM · 17d ago on Sep 15, 2026· 54m 17s· 4 players
Game mode
Random Map
Map size
Tiny (2 player)
Population
200
Speed
Normal
Resources
Standard
Victory
Conquest
Starting age
Dark Age
Ending age
Imperial Age
RankedLock teamsTeams togetherTeam positionsShared explorationLock speedFull tech treeHidden civsTurbo modeCheats
Victory
Defeat
🇨🇳 Vietnamese · China
1127
+13
🇲🇽 Byzantines · Mexico
1105
+15
🇨🇦 Teutons · Canada
1073
-14
🇨🇦 Sicilians · Canada
1066
-14
HillyMars17877
2:25 Loom
11:50 Feudal Age
16:48 Fletching
27:40 Castle Age
26:37 Padded Archer Armor
26:26 Horse Collar
26:32 Double-Bit Axe
26:41 Stone Mining
28:58 Bodkin Arrow
28:37 Crossbowman
29:22 Thumb Ring
34:15 Murder Holes
52:19 Ballistics
chmchmchmchmchm
6:41 Loom
11:59 Feudal Age
16:59 Castle Age
15:09 Horse Collar
17:55 Padded Archer Armor
17:46 Fletching
26:51 Double-Bit Axe
29:43 Gold Mining
30:31 Elite Skirmisher
31:16 Thumb Ring
31:10 Bodkin Arrow
31:30 Leather Archer Armor
31:10 Bodkin Arrow
31:30 Leather Archer Armor
32:18 Wheelbarrow
31:28 Town Watch
32:18 Wheelbarrow
31:28 Town Watch
31:46 Stone Mining
32:02 Heavy Plow
34:47 Stone Shaft Mining
35:31 Thumb Ring
36:26 Leather Archer Armor
39:08 Imperial Age
37:50 Husbandry
37:58 Scale Barding Armor
38:03 Forging
37:58 Scale Barding Armor
38:03 Forging
40:26 Bloodlines
41:07 Guilds
41:52 Bracer
41:39 Imperial Skirmisher
44:02 Chemistry
44:25 Ring Archer Armor
45:26 Ballistics
45:21 Bow Saw
46:44 Crop Rotation
47:16 Two-Man Saw
46:45 Siege Engineers
47:41 Chain Barding Armor
47:56 Iron Casting
47:41 Chain Barding Armor
47:57 Elite Battle Elephant
49:28 Plate Barding Armor
51:09 Iron Casting
53:36 Chatras
Levi
8:43 Loom
11:07 Feudal Age
11:29 Horse Collar
11:38 Double-Bit Axe
17:59 Scale Mail Armor
20:54 Castle Age
19:00 Gold Mining
19:33 Fletching
19:49 Stone Mining
21:04 Forging
22:17 Heavy Plow
23:16 Chain Mail Armor
23:57 Squires
23:43 Arson
27:44 Iron Casting
28:27 Town Watch
33:23 Wheelbarrow
40:29 Bodkin Arrow
41:23 Bow Saw
45:18 Imperial Age
47:35 Elite Serjeant
48:51 Plate Mail Armor
50:31 Blast Furnace
51:36 Crop Rotation
KickAssKenny
7:45 Loom
14:36 Feudal Age
19:55 Fletching
27:01 Castle Age
29:46 Bodkin Arrow
32:20 Guard Tower
32:51 Ballistics
42:35 Squires
42:15 Pikeman
43:48 Pikeman
44:36 Man-at-Arms
46:53 Double-Bit Axe
48:45 Bloodlines
Connection lost

Rejoining the realm…

Still unreachable

The connection could not be restored.

Session expired

The server has moved on; the page needs a fresh start.